 Dungeon Crawl Stone Soup version 0.30.1-3-gfc49f6343a (webtiles) character file.

Game seed: 17767162610070145654

155 LordWeiramon the Firebug (level 5, -3/35 HPs)
             Began as a Formicid Fire Elementalist on Aug 1, 2023.
             Slain by a gnoll
             ... wielding a +0 spear
             ... led by a gnoll bouda
              (5 damage)
             ... on level 4 of the Dungeon.
             The game lasted 00:24:06 (3718 turns).

LordWeiramon the Firebug (FoFE)                     Turns: 3718, Time: 00:24:07

Health: -3/35      AC:  3    Str: 15    XL:     5   Next: 63%
Magic:  4/8        EV:  6    Int: 14    God:
Gold:   236        SH:  0    Dex: 14    Spells: 5/8 levels left

rFire   . . .        a - +0 dagger
rCold   . . .        (no shield)
rNeg    . . .        f - +0 robe
rPois   .            (helmet unavailable)
rElec   .            (no cloak)
rCorr   .            (no gloves)
SInv    +            j - +0 pair of boots
Will    .....        d - amulet of reflection
Stlth   ++           (no ring)
HPRegen 0.25/turn    (no ring)
MPRegen 0.11/turn

%: reflection
@: weakened, held
A: permanent stasis, dig shafts and tunnels, antennae 3, four strong arms
a: Dig, Shaft Self


You were on level 4 of the Dungeon.
You visited 1 branch of the dungeon, and saw 4 of its levels.

You collected 236 gold pieces.

Inventory:

Hand Weapons
 a - a +0 dagger (weapon)
Missiles
 c - a throwing net
Armour
 f - a +0 robe (worn)
 g - a +0 leather armour
 j - a +0 pair of boots (worn)
Magical Staves
 b - a staff of death
Jewellery
 d - an amulet of reflection (around neck)
Scrolls
 h - a scroll of immolation
 i - a scroll of vulnerability
 k - a scroll of butterflies {unknown}
Potions
 e - a potion of flight


   Skills:
 - Level 1.7 Dodging
 - Level 2.4 Stealth
 - Level 2.1 Spellcasting
 - Level 3.1 Conjurations
 + Level 4.7 Fire Magic


You had 5 spell levels left.
You knew the following spells:

 Your Spells              Type           Power      Damage    Failure   Level
a - Foxfire               Conj/Fire      48%        2x1d6     4%          1
b - Scorch                Fire           28%        2d6       4%          2

Your spell library contained the following spells:

 Spells                   Type           Power      Damage    Failure   Level
 Inner Flame              Hex/Fire       8%         N/A       26%         3
 Volatile Blastmotes      Fire/Tloc      16%        2d11      26%         3
 Flame Wave               Conj/Fire      12%        2d6       43%         4


Dungeon Overview and Level Annotations

Branches:
Dungeon (4/15)
 Temple: D:4-7

Altars:

Shops:
D:4 (

Annotations:
D:3 Grinder, Terence
D:4 Dowan


Innate Abilities, Weirdness & Mutations

You cannot be hasted, slowed, berserked, paralysed or teleported.
You can dig through walls and to a lower floor.
You have a pair of large antennae on your head. (SInv)
Your four strong arms can wield two-handed weapons with a shield.


Message History

Casting: Scorch (safe; 4% risk of failure)
Confirm with . or Enter, or press ? or * to list all spells.
You conjure some foxfire!
The gnoll bouda barks out a call to the hunt!
The gnoll picks up the pace!
The gnoll bouda is no longer more vulnerable to fire.
The foxfire hits the gnoll bouda but does no damage.
The gnoll bouda is lightly wounded.
The foxfire hits the gnoll bouda but does no damage.
The gnoll bouda is lightly wounded.
Unknown command.
The gnoll bouda barks out a call to the hunt!
The gnoll hits you from afar with a +0 spear.
The gnoll bouda gazes fiercely through you!
You feel your attacks grow feeble.
There is an open door here.
The gnoll throws a throwing net.
The throwing net hits you.
You become entangled in the net!
You see here a throwing net.
You struggle against the net.
The gnoll hits you from afar with a +0 spear.
The gnoll hits you from afar with a +0 spear!
You struggle against the net.
The gnoll barely misses you.
The gnoll hits you from afar with a +0 spear.
The gnoll bouda hits you with a +0 whip.
* * * LOW HITPOINT WARNING * * *
Unknown command.
Okay, then.
Unknown command.
You struggle against the net.
The gnoll hits you from afar with a +0 spear.
* * * LOW HITPOINT WARNING * * *
The gnoll hits you from afar with a +0 spear.
* * * LOW HITPOINT WARNING * * *
The gnoll bouda barely misses you.
Unknown command.
Unknown command.
You struggle against the net.
The gnoll hits you from afar with a +0 spear.
You die...

..............'........#
.......>......#........#
..............#........#
..............#........#
....).........#........#
..............#........#
..)#####'######........#
##'#..........g##########
..#..........gg@.<..∩..+
...#...........####≈≈####
...#...........{.#.....# .
...#.............#.....# .
...#.............#....## ..
##.#.............#....########...
###.....#)#####.......#...#l.)
#.....#.....'.......#...'?..
#.....#..>..#.......#...#...


You could see a gnoll bouda and 2 gnolls.

Vanquished Creatures
  An orc priest (D:3)
  An iguana (D:4)
  A gnoll (D:4)
  3 adders (D:2)
  4 orcs
  6 bats
  4 endoplasms
  2 giant cockroaches (D:1)
  10 goblins
  6 hobgoblins
  3 jackals (D:3)
  2 quokkas
  5 ball pythons
  5 kobolds
  6 rats
59 creatures vanquished.

Vanquished Creatures (others)
  148 foxfires
148 creatures vanquished.

Grand Total: 207 creatures vanquished

Notes
Turn   | Place    | Note
-------+----------+-------------------------------------------
     0 | D:1      | LordWeiramon the Formicid Fire Elementalist began the quest
                  | for the Orb.
     0 | D:1      | Reached XP level 1. HP: 13/13 MP: 3/3
    10 | D:1      | Reached skill level 1 in Conjurations
   241 | D:1      | Reached XP level 2. HP: 19/19 MP: 1/5
   245 | D:1      | Learned a level 2 spell: Scorch
  1209 | D:2      | Reached XP level 3. HP: 24/24 MP: 3/6
  2061 | D:2      | Reached XP level 4. HP: 30/30 MP: 4/7
  2451 | D:3      | Noticed Terence
  2906 | D:3      | Reached skill level 4 in Fire Magic
  2968 | D:3      | Reached XP level 5. HP: 35/35 MP: 4/8
  3273 | D:3      | Noticed Grinder
  3424 | D:4      | Found Ruohodo's Weapon Boutique.
  3494 | D:4      | Noticed Dowan
  3717 | D:4      | HP: 1/35 [gnoll/+0 spear[a gnoll bouda] (5)]
  3718 | D:4      | Slain by a gnoll

Illustrated notes

Levels and vault maps discovered:
D:1:      lightli_arrival_chessboard, layout_basic, hex_medium,
          minmay_misc_feat_nine_boxes
D:2:      layout_basic
D:3:      layout_basic, uniq_grinder, uniq_terence
D:4:      layout_gridville, serial_shops, nicolae_shop_hallway_stairs,
          minmay_misc_feat_tower, minivault_4, uniq_duvessa

Skill      XL: |  1  2  3  4 |
---------------+-------------+-----
Conjurations   | 1 2 3 |  3.1
Fire Magic     | 4 |  4.7
Dodging        | |  1.7
Stealth        | |  2.4
Spellcasting   | |  2.1

Action                     |  1- 3 |  4- 6 || total
---------------------------+-------+-------++-------
  Melee: Unarmed           |     1 |       ||     1
         Dagger            |    21 |    12 ||    33
   Cast: Foxfire           |    51 |    49 ||   100
         Scorch            |       |     3 ||     3
    Use: Scroll            |     2 |     4 ||     6
         Potion            |       |     2 ||     2
 Armour: Robe              |     7 |     5 ||    12
  Dodge: Dodged            |    15 |    21 ||    36
  Block: Other             |     3 |    11 ||    14
         Reflection        |       |     1 ||     1
